 Dungeon Crawl Stone Soup version 0.17-a0-688-g21a41e9 (webtiles) character file.

18431 Magnus the Blocker (level 12, -3/97 HPs)
             Began as a Human Fighter on Apr 19, 2015.
             Was a High Priest of Qazlal.
             Slain by an apocalypse crab (11 damage)
             ... on level 1 of the Abyss.
             The game lasted 01:20:04 (17867 turns).

Magnus the Blocker (Human Fighter)                 Turns: 17867, Time: 01:20:04

Health: -3/97      AC: 12    Str: 20    XL:     12   Next: 95%
Magic:  17/17      EV: 17    Int:  9    God:    Qazlal [*****.]
Gold:   1510       SH: 20    Dex: 19    Spells: 0 memorised, 11 levels left

rFire  + . .     SeeInvis .     a - +0 war axe (curse)
rCold  . . .     Clarity  .     q - +1 scale mail {rF+}
rNeg   . . .     SustAb   +     c - +0 shield (curse)
rPois  .         Gourm    .     L - +0 helmet
rElec  .         Spirit   .     l - +0 cloak
rCorr  .         Warding  .     (no gloves)
rMut   .         Stasis   .     (no boots)
MR     .....                    (no amulet)
Stlth  +.........               x - ring of sustain abilities
                                o - +3 ring of evasion (curse)

@: agile, very slightly contaminated, non-regenerating, badly diseased, hasted,
repel missiles, very quick, not resistant to hostile enchantments, very
unstealthy
A: no striking features
a: Upheaval, Elemental Force, Disaster Area, Renounce Religion


You were on level 1 of the Abyss.
You worshipped Qazlal.
Qazlal was extremely pleased with you.
You were hungry.

You visited 3 branches of the dungeon, and saw 15 of its levels.
You visited the Abyss 1 time.
You also visited: Ossuary.

You collected 1510 gold pieces.

Inventory:

Hand weapons
 a - a cursed +0 war axe (weapon)
Missiles
 U - 25 tomahawks (quivered)
Armour
 c - a cursed +0 shield (worn)
 l - a +0 cloak (worn)
 n - a +0 gold dragon armour
 q - a +1 scale mail of fire resistance (worn)
 v - a +0 plate armour
 L - a +0 helmet (worn)
Jewellery
 e - an uncursed ring of stealth
 o - a cursed +3 ring of evasion (left hand)
 x - a ring of sustain abilities (right hand)
Magical devices
 m - a wand of paralysis (0)
 M - a wand of cold (5)
Scrolls
 f - 3 scrolls of remove curse
 h - a scroll of holy word
 p - 4 scrolls of immolation
 y - 3 scrolls of fear
 A - 3 scrolls of recharging
 D - 2 scrolls of amnesia
 I - a scroll of teleportation
Potions
 g - 4 potions of poison
 i - 5 potions of brilliance
 j - a potion of cure mutation
 k - 2 potions of curing
 u - 2 potions of magic
 R - 2 potions of might
 S - a potion of restore abilities
Comestibles
 d - 5 bread rations
 t - 2 beef jerkies
 w - 8 meat rations
 E - 4 fruits
 K - a royal jelly
 N - 2 slices of pizza


   Skills:
 + Level 10.1 Fighting
 + Level 9.9 Axes
 + Level 10.3 Armour
 + Level 10.4 Shields
 + Level 6.9 Invocations


You had 11 spell levels left.
You didn't know any spells.

Dungeon Overview and Level Annotations

Branches:
Dungeon (10/15)            Temple (1/1) D:5             Orc (4/4) D:10
    Elf (0/3) Orc:4
   Lair: D:8-11

Altars:
Ashenzari
Cheibriados
Dithmenos
Elyvilon
Fedhas
Gozag
Kikubaaqudgha
Makhleb
Nemelex Xobeh
Okawaru
Qazlal
Ru
Sif Muna
Trog
Vehumet
Xom
Yredelemnul
Zin
The Shining One
Beogh

Shops:
D:8 *

Annotations:
Orc:4 Sonja


Message History

The raiju is heavily wounded.
You closely miss the ufetubus. You block the ufetubus's attack.
You block the ufetubus's attack.
You hit the raiju.
The raiju is heavily wounded.
You hit the ufetubus.
You kill the ufetubus!
Qazlal accepts your kill.
The raiju is engulfed in roaring flames.
The raiju misses you.
You slash the raiju!
You kill the raiju!
Qazlal accepts your kill.
You hit the apocalypse crab.
The apocalypse crab is heavily wounded.
You hear a hideous shriek!
The apocalypse crab bites you!
* * * LOW HITPOINT WARNING * * *
The apocalypse crab shocks you!
You die...

#...# ##h# #..##
..## . ## ##....
#... ...#
####... .... #.
.....#
#...........#..
..5...#
#..#.##...##..##
#....##......
...#..#
##§§#t.#§ .5...
.$... #..§@#.##h
.....#... ##.#.#
.##.. ###.. #.
##. .... #..
....# #. ..####
#.. # # # ...
.##.# .. .... ..
. ...## . ##.. .


You could see an apocalypse crab and an iron imp.

Vanquished Creatures
  Snorg (Orc:4)
  An orc high priest (Orc:3)
  2 hill giants (D:10)
  Pikel (D:7)
  A necromancer (Abyss:1)
  An orc knight (Orc:4)
  An orc sorcerer (Orc:2)
  A cyclops (Orc:3)
  Maurice (Orc:3)
  A large abomination (Abyss:1)
  An ancient zyme (Abyss:1)
  2 two-headed ogres
  A troll (Orc:3)
  Grinder (D:4)
  3 raiju (Abyss:1)
  A fire elemental (Orc:4)
  A wraith (D:10)
  Sigmund (D:3)
  6 yaks (D:9)
  2 hippogriffs
  A hungry ghost (D:9)
  The ghost of 2ustice the Magician, an average DsSk (D:3)
  Menkaure (D:7)
  8 wargs
  2 phantoms
  3 sky beasts
  2 water moccasins
  4 ice beasts
  2 black bears
  14 ogres
  17 orc warriors
  6 centaurs
  4 giant frogs
  3 big kobolds
  2 elf zombies (Ossuary)
  A water moccasin skeleton (D:9)
  20 killer bees
  3 scorpions
  A small abomination (Abyss:1)
  7 crimson imps
  3 human zombies (Ossuary)
  A giant frog zombie (D:6)
  A jelly (D:7)
  A centaur skeleton (D:7)
  22 orc wizards
  Crazy Yiuf (D:7)
  A centaur zombie (Ossuary)
  A giant frog skeleton (D:9)
  Ijyb (D:3)
  A gnoll shaman (D:4)
  An iguana (D:8)
  21 orc priests
  5 hounds
  Natasha (twice) (D:2)
  2 sheep (Orc:3)
  A big kobold zombie (Ossuary)
  12 worker ants
  2 mummies (Ossuary)
  Robin (D:3)
  9 adders
  15 gnolls
  A shadow imp (D:8)
  An ufetubus (Abyss:1)
  2 oozes
  An adder zombie (Ossuary)
  An adder skeleton (D:4)
  3 worms
  4 giant geckos
  154 orcs
  16 bats
  3 bat skeletons
  A bat zombie (D:7)
  3 giant cockroaches
  36 goblins
  14 hobgoblins
  16 jackals
  41 kobolds
  10 quokkas
  2 ball pythons
  2 giant gecko zombies (D:5)
  2 giant newts (D:5)
  A giant spore (D:8)
  9 hobgoblin zombies (Ossuary)
  2 jackal zombies (Ossuary)
  12 kobold zombies (Ossuary)
  7 orc zombies
  19 rats
  A rat zombie (Ossuary)
  16 ballistomycetes
  A butterfly (D:5)
  3 fungi (D:7)
620 creatures vanquished.

Vanquished Creatures (collateral kills)
  A water elemental (Orc:4)
  An orc warrior (Orc:4)
  2 orcs (Orc:4)
4 creatures vanquished.

Vanquished Creatures (others)
  A water elemental (Orc:4)
  An ufetubus (Abyss:1)
  2 giant spores
4 creatures vanquished.

Grand Total: 628 creatures vanquished

Notes
Turn   | Place    | Note
--------------------------------------------------------------
     0 | D:1      | Magnus, the Human Fighter, began the quest for the Orb.
     0 | D:1      | Reached XP level 1. HP: 18/18 MP: 1/1
   105 | D:1      | Reached XP level 2. HP: 22/24 MP: 2/2
   398 | D:2      | Reached XP level 3. HP: 25/29 MP: 3/3
   916 | D:2      | Reached XP level 4. HP: 35/35 MP: 4/4
   972 | D:2      | Noticed Natasha
   980 | D:2      | Killed Natasha
  1438 | D:3      | Noticed 2ustice's ghost (average DsSk)
  1687 | D:2      | Noticed Natasha
  1701 | D:2      | Killed Natasha
  1701 | D:2      | Reached XP level 5. HP: 11/41 MP: 5/5
  2147 | D:3      | Killed 2ustice's ghost
  2147 | D:3      | Reached skill level 4 in Fighting
  2147 | D:3      | Reached XP level 6. HP: 16/48 MP: 6/6
  2408 | D:3      | Noticed Robin
  2435 | D:3      | Killed Robin
  2518 | D:3      | Noticed Ijyb
  2527 | D:3      | Killed Ijyb
  2631 | D:3      | Noticed Sigmund
  2643 | D:3      | Killed Sigmund
  2643 | D:3      | Reached XP level 7. HP: 40/55 MP: 7/7
  3195 | D:4      | Noticed Grinder
  3218 | D:4      | Paralysed by Grinder for 6 turns
  3219 | D:4      | HP: 1/55 [Grinder (6)]
  3236 | D:4      | Killed Grinder
  3236 | D:4      | Reached skill level 5 in Armour
  3236 | D:4      | Reached skill level 5 in Shields
  3236 | D:4      | Reached XP level 8. HP: 36/61 MP: 8/8
  3566 | D:4      | Reached skill level 5 in Fighting
  4042 | D:4      | Reached skill level 5 in Axes
  4394 | D:4      | Reached skill level 6 in Armour
  4943 | D:4      | Reached XP level 9. HP: 67/69 MP: 9/9
  4969 | D:5      | Entered Level 5 of the Dungeon
  4986 | D:5      | Found a staircase to the Ecumenical Temple.
  4994 | Temple   | Entered the Ecumenical Temple
  5245 | Temple   | Became a worshipper of Qazlal Stormbringer
  5304 | D:5      | Found a sand-covered staircase.
  5311 | Ossuary  | Entered an ossuary
  5485 | Ossuary  | Acquired Qazlal's first power
  6243 | D:5      | Acquired Qazlal's second power
  6980 | D:6      | Found a radiant altar of Vehumet.
  7124 | D:6      | You fall through a shaft!
  7142 | D:7      | Noticed Menkaure
  7150 | D:7      | Killed Menkaure
  7150 | D:7      | Reached skill level 7 in Armour
  7216 | D:7      | Acquired Qazlal's third power
  7598 | D:7      | Reached XP level 10. HP: 66/79 MP: 10/10
  8199 | D:7      | Noticed Pikel
  8207 | D:7      | Killed Pikel
  8207 | D:7      | Reached skill level 8 in Armour
  8420 | D:6      | Found a burning altar of Makhleb.
  8423 | D:6      | Found a glowing golden altar of the Shining One.
  8426 | D:6      | Found a white marble altar of Elyvilon.
  8533 | D:6      | Acquired Qazlal's fourth power
  8919 | D:7      | Noticed Crazy Yiuf
  8935 | D:7      | Killed Crazy Yiuf
  9149 | D:8      | Found Jocieps's Assorted Antiques.
  9473 | D:8      | Reached skill level 1 in Invocations
 10815 | D:9      | Reached XP level 11. HP: 55/86 MP: 12/12
 10950 | D:9      | Found an opulent altar of Gozag.
 12021 | D:9      | Reached skill level 9 in Armour
 12407 | D:9      | Acquired Qazlal's fifth power
 12900 | D:9      | Found a sacrificial altar of Ru.
 13052 | D:10     | Entered Level 10 of the Dungeon
 13052 | D:10     | Found a staircase to the Orcish Mines.
 13232 | D:10     | Found a roughly hewn altar of Beogh.
 13578 | D:10     | Noticed a hill giant
 13595 | D:10     | Noticed a hill giant
 13928 | D:10     | Killed a hill giant
 13930 | D:10     | Killed a hill giant
 14093 | D:10     | Reached skill level 5 in Invocations
 14331 | Orc:1    | Entered Level 1 of the Orcish Mines
 14664 | Orc:2    | Reached XP level 12. HP: 85/95 MP: 15/15
 14846 | Orc:2    | Noticed an orc sorcerer
 14853 | Orc:2    | Killed an orc sorcerer
 15201 | Orc:1    | Found a roughly hewn altar of Beogh.
 16019 | Orc:3    | Noticed an orc high priest
 16029 | Orc:3    | Noticed a sun demon
 16029 | Orc:3    | Killed an orc high priest
 16037 | Orc:3    | Reached skill level 10 in Shields
 16038 | Orc:3    | Noticed Maurice
 16041 | Orc:3    | Paralysed by Maurice for 7 turns
 16365 | Orc:3    | Killed Maurice
 16831 | Orc:3    | Reached skill level 10 in Armour
 17387 | Orc:4    | Entered Level 4 of the Orcish Mines
 17387 | Orc:4    | Found a staircase to the Elven Halls.
 17696 | Orc:4    | Noticed Snorg
 17702 | Orc:4    | Killed Snorg
 17702 | Orc:4    | Reached skill level 10 in Fighting
 17704 | Orc:4    | Noticed Sonja
 17745 | Orc:4    | Cast into the Abyss (Sonja)
 17745 | Abyss:1  | Found a corrupted altar of Lugonu.
 17867 | Abyss:1  | Slain by an apocalypse crab

Action                   |  1- 3 |  4- 6 |  7- 9 | 10-12 || total
-------------------------+-------+-------+-------+-------++-------
Melee: War axe           |   108 |   184 |   646 |  1122 ||  2060
Invok: Elemental Force   |       |       |       |     3 ||     3
       Upheaval          |       |       |       |     2 ||     2
  Use: Potion            |       |     1 |     8 |    13 ||    22
       Scroll            |       |       |     9 |     5 ||    14
  Eat: Chunk             |       |     6 |    16 |    34 ||    56
       Fruit             |       |       |     2 |       ||     2
